 Dungeon Crawl Stone Soup version 0.30.1-3-gfc49f6343a (webtiles) character file.

Game seed: 10616689583438007413

11249 CaptainMV the Thaumaturge (level 11, -19/77 HPs)
             Began as a Demonspawn Wanderer on July 24, 2023.
             Was an Elder of Vehumet.
             Killed from afar by a spriggan druid (23 damage)
             ... with a stone arrow
             ... on level 1 of the Swamp.
             The game lasted 02:06:44 (6819 turns).

CaptainMV the Thaumaturge (Demonspawn Wanderer)     Turns: 6819, Time: 02:06:45

Health: -19/77     AC: 14    Str: 17    XL:     11   Next: 46%
Magic:  0/33       EV: 12    Int: 22    God:    Vehumet [****..]
Gold:   801        SH:  0    Dex:  6    Spells: 9/28 levels left

rFire   x x .        b - +10 spear of the Lesser Evil {vamp, Str+2}
rCold   + + +        (no shield)
rNeg    . . .        r - +3 leather armour of Tomorrow {rC++}
rPois   .            C - +2 helmet of the Elephant {rF- rCorr MP+9 Int+5 Dex-5}
rElec   .            i - +0 cloak
rCorr   +            p - +2 pair of gloves
SInv    .            (boots unavailable)
Will    .....        (no amulet)
Stlth   +            f - ring of wizardry
HPRegen 0.32/turn    l - ring of ice
MPRegen 0.46/turn

%: guardian spirit, wizardry (x1)
@: no status effects
A: hooves 3, foul stench 1, magic shield, magic regeneration
a: Renounce Religion


You were on level 1 of the Swamp.
You worshipped Vehumet.
Vehumet was greatly pleased with you.
You visited 4 branches of the dungeon, and saw 13 of its levels.
You also visited: Ossuary.

You collected 801 gold pieces.

Inventory:

Hand Weapons
 b - the +10 spear of the Lesser Evil (weapon) {vamp, Str+2}
   (You found it on level 4 of the Dungeon)

   Str:       It affects your strength (+2).
 h - a +1 club of protection
 t - the +3 dagger of Dust {flame, *Noise Int+6 Dex+4}
   (You found it on level 4 of the Dungeon)

   Int:       It affects your intelligence (+6).
   Dex:       It affects your dexterity (+4).
   *Noise:    It may make noises in combat.
Missiles
 v - 3 poisoned darts
 w - 3 javelins (quivered)
Armour
 i - a +0 cloak (worn)
 j - a +1 hat
 p - a +2 pair of gloves (worn)
 r - the +3 leather armour of Tomorrow (worn) {rC++}
   (You found it on level 4 of the Dungeon)

   rC:        It greatly protects you from cold.
 C - the +2 helmet of the Elephant (worn) {rF- rCorr MP+9 Int+5 Dex-5}
   (You acquired it on level 2 of the Lair of Beasts)

   Int:       It affects your intelligence (+5).
   Dex:       It affects your dexterity (-5).
   rF:        It makes you vulnerable to fire.
   MP:        It affects your magic capacity (+9).
   rCorr:     It protects you from acid and corrosion.
Magical Staves
 a - a staff of conjuration
Jewellery
 f - a ring of wizardry (left hand)
 g - an amulet of guardian spirit
 l - a ring of ice (right hand)
 D - a +4 ring of protection
Wands
 q - a wand of flame (31)
 u - a wand of paralysis (7)
Scrolls
 m - a scroll of summoning
 n - 4 scrolls of teleportation
 y - a scroll of fog {unknown}
Potions
 c - 2 potions of brilliance
 d - 2 potions of lignification
 e - 2 potions of cancellation
 s - 2 potions of flight
 z - 5 potions of mutation
 A - a potion of might
 B - 3 potions of haste
 F - a potion of resistance


   Skills:
 + Level 4.1 Fighting
 + Level 0.2 Maces & Flails
 + Level 5.1(5.2) Polearms
 + Level 0.1(3.1) Staves
 + Level 0.9 Throwing
 + Level 4.6 Armour
 + Level 5.3 Dodging
 + Level 1.6 Stealth
 + Level 9.3 Spellcasting
 + Level 4.5 Conjurations
 + Level 4.4 Necromancy
 + Level 4.3 Translocations
 + Level 3.2 Transmutations
 + Level 1.5 Fire Magic
 + Level 7.1 Air Magic
 + Level 1.5 Evocations


You had 9 spell levels left.
You knew the following spells:

 Your Spells              Type           Power      Damage    Failure   Level
b - Static Discharge      Conj/Air       72%        2-5/arc   1%          2
c - Vhi's Electric Charg  Tloc/Air       70%        N/A       1%          3
d - Vampiric Draining     Necr           29%        2d8       1%          3
e - Wereblood             Tmut           24%        N/A       1%          2
f - Fireball              Conj/Fire      11%        3d7       7%          5
g - Iskenderun's Mystic   Conj/Tloc      29%        2d7       1%          4

Your spell library contained the following spells:

 Spells                   Type           Power      Damage    Failure   Level
 Airstrike                Air            20%        2d(3-19)  1%          4
 Beastly Appendage        Tmut           48%        N/A       1%          1
 Foxfire                  Conj/Fire      92%        2x1d8     1%          1
 Shock                    Conj/Air       100%       1d9       1%          1
 Sting                    Tmut/Pois      68%        1d6       1%          1
 Cigotuvi's Dreadful Rot  Necr/Pois/Air  54%        N/A       1%          2
 Poisonous Vapours        Pois/Air       50%        N/A       1%          2
 Ignite Poison            Fire/Tmut/Pois 17%        N/A       1%          3
 Slow                     Hex            40%        N/A       3%          1
 Spider Form              Tmut/Pois      17%        N/A       4%          3
 Dispel Undead            Necr           29%        3d13      4%          4
 Freezing Cloud           Conj/Ice/Air   20%        6-21      5%          5
 Olgreb's Toxic Radiance  Pois           10%        N/A       9%          4
 Confusing Touch          Hex            10%        N/A       10%         3
 Ozocubu's Armour         Ice            15%        N/A       10%         3
 Plasma Beam              Fire/Air       14%        2x1d28    21%         6
 Lee's Rapid Deconstruct  Erth           5%         3d6*      22%         5
 Leda's Liquefaction      Hex/Erth       5%         N/A       30%         4
 Starburst                Conj/Fire      11%        6d5       32%         6
 Death Channel            Necr           14%        N/A       56%         6
 Metabolic Englaciation   Hex/Ice        7%         N/A       61%         5
 Simulacrum               Ice/Necr       15%        N/A       86%         6
 Statue Form              Tmut/Erth      11%        N/A       91%         6
 Ozocubu's Refrigeration  Ice            7%         4d9       99%         7
 Polar Vortex             Ice            7%         N/A       100%        9


Dungeon Overview and Level Annotations

Branches:
Dungeon (9/15)             Temple (1/1) D:4            Lair (2/5) D:9
  Swamp (1/4) Lair:2      Ossuary (visited)
  Snake: Lair:2-3    Spider: Lair:2-3       Orc: D:9-12

Altars:
Ashenzari
Cheibriados
Dithmenos
Fedhas
Hepliaklqana
Makhleb
Nemelex Xobeh
Okawaru
Qazlal
Ru
Sif Muna
Trog
Uskayaw
Vehumet
Wu Jian
Xom
Yredelemnul

Shops:
D:4 *


Innate Abilities, Weirdness & Mutations

You have hooves in place of feet.
You may rarely emit foul miasma when damaged in melee.
When hurt, damage is shared between your health and your magic reserves.
You regenerate magic rapidly.


Message History

The iceblast engulfs the spriggan druid!
The spriggan druid is heavily wounded.
The now-empty wand crumbles to dust.
Reach: b) +10 spear of the Lesser Evil {vamp, Str+2}
Press: ? - help, Dir - move target, f/p - spriggan druid
Aim: a spriggan druid, wielding a +2 quarterstaff of draining and wearing a +0 robe (heavily wounded, about 50% to evade the +10 spear of the Lesser Evil)
You reach to attack!
You puncture the spriggan druid!
You feel better.
The spriggan druid is severely wounded.
Casting: Vampiric Draining (safe; 1% risk of failure)
Confirm with . or Enter, or press ? or * to list all spells.
Aiming: Vampiric Draining (safe; 1% risk of failure)
Press: ? - help, Shift-Dir - straight line, f/p - spriggan druid
Aim: a spriggan druid, wielding a +2 quarterstaff of draining and wearing a +0 robe (severely wounded)
You draw life force from the spriggan druid!
You feel life coursing into your body.
The spriggan druid casts a spell at you.
The stone arrow hits you!!
* * * LOW HITPOINT WARNING * * *
Casting: Vampiric Draining (safe; 1% risk of failure)
Confirm with . or Enter, or press ? or * to list all spells.
You don't have enough magic to cast this spell.
Aiming: Throw Flame
Press: ? - help, Q - select action, (/) - cycle Shift-Dir - straight line, f/p - spriggan druid
Aim: a spriggan druid, wielding a +2 quarterstaff of draining and wearing a +0 robe (almost dead, 43% to hit)
Okay, then.
Reach: b) +10 spear of the Lesser Evil {vamp, Str+2}
Press: ? - help, Dir - move target, f/p - spriggan druid
Aim: a spriggan druid, wielding a +2 quarterstaff of draining and wearing a +0 robe (almost dead, about 50% to evade the +10 spear of the Lesser Evil)
You barely miss the spriggan druid. Your kick misses the spriggan druid.
The spriggan druid is almost dead.
The spriggan druid barely misses you.
Reach: b) +10 spear of the Lesser Evil {vamp, Str+2}
Press: ? - help, Dir - move target, f/p - spriggan druid
Aim: a spriggan druid, wielding a +2 quarterstaff of draining and wearing a +0 robe (almost dead, about 50% to evade the +10 spear of the Lesser Evil)
You hit the spriggan druid.
You feel better.
Your kick misses the spriggan druid. Your punch misses the spriggan druid.
The spriggan druid is almost dead.
The spriggan druid gestures at you while chanting.
The stone arrow hits you!!
You die...

~~~~~.~♣~♣~.~♣
♣♣......§..<
~~~~~~.♣♣§..~♣
♣.~~~~.....♣
..~~~~~.♣♣..~♣
♣!..~♣♣♣~♣♣~
~.~~~~~~..~~~♣ ♣♣.♣♣♣
♣♣♣~.
♣..~~~~~§~~~~♣♣♣♣♣♣
..~~ ♣.~~~~§~~~~~.♣~♣♣
♣.~~~
♣♣....~~~~~~~~../♣♣♣~~
♣.~~~
.§~~...†~§~~~~~~.~...♣
~..~~
.§~~.....†i@..§~~.~~~♣
~.§§.~♣♣~.....~~~~~..♣
♣♣♣♣♣ ♣♣♣♣♣
♣♣~....~~~~...♣♣♣♣....
♣.~~.~..~§~~~.♣♣....♣.
♣.~~♣♣...~§~.....♣.♣.♣
♣♣..♣...~.~~.~...♣..♣♣
♣♣♣♣♣.....~~....♣.♣.♣
♣~~...)..♣♣....♣.
♣♣♣♣♣...>♣♣♣♣...(


You could see a spriggan druid.

Vanquished Creatures
  2 hydras (Swamp:1)
  3 alligators (Swamp:1)
  3 cane toads
  A komodo dragon (Lair:1)
  A queen bee (Lair:2)
  A tyrant leech (Swamp:1)
  2 polar bears (Lair:2)
  A hornet (Swamp:1)
  A spriggan (Swamp:1)
  A wyvern (Lair:1)
  A basilisk (Lair:2)
  A steam dragon (Lair:1)
  3 swamp worms (Swamp:1)
  A water moccasin (Lair:1)
  An acid dragon (D:9)
  A swamp drake (Swamp:1)
  3 ice beasts
  3 orc warriors
  A black bear (D:9)
  2 sky beasts
  3 ogres
  4 wolves (Lair:2)
  2 elf zombies (Ossuary)
  9 bullfrogs
  A gnoll sergeant (D:8)
  3 scorpions
  18 killer bees (Lair:2)
  3 howler monkeys (D:7)
  An electric eel (D:9)
  3 centaur zombies (Ossuary)
  3 human zombies (Ossuary)
  5 hounds
  4 orc priests
  A gnoll bouda (D:7)
  A jelly (D:6)
  5 iguanas
  A sleepcap (D:7)
  5 orc wizards
  2 mummies (Ossuary)
  7 gnolls
  10 adders
  A shadow imp (D:6)
  2 white imps
  An ufetubus (D:6)
  An adder zombie (Ossuary)
  4 dart slugs
  30 orcs
  5 ball pythons
  3 bats
  9 endoplasms
  3 giant cockroaches
  2 hobgoblins
  6 jackals (D:4)
  7 kobolds
  2 quokkas
  4 frilled lizards
  3 goblins
  7 hobgoblin zombies (Ossuary)
  2 jackal zombies (Ossuary)
  8 kobold zombies (Ossuary)
  11 orc zombies (Ossuary)
  3 rats
238 creatures vanquished.

Vanquished Creatures (collateral kills)
  An alligator (Swamp:1)
  A swamp worm (Swamp:1)
  A killer bee (Lair:2)
  An orc priest (D:3)
  An orc (D:3)
5 creatures vanquished.

Vanquished Creatures (others)
  An orc (D:9)
  4 foxfires (Swamp:1)
5 creatures vanquished.

Grand Total: 248 creatures vanquished

Notes
Turn   | Place    | Note
-------+----------+-------------------------------------------
     0 | D:1      | CaptainMV the Demonspawn Wanderer began the quest for the
                  | Orb.
     0 | D:1      | CaptainMV set off with the following items: a +0 club, a +0
                  | ring mail, a potion of brilliance, a potion of
                  | lignification; and the following spell memorised: Shock;
                  | and the following spells available to memorise: Static
                  | Discharge, Vhi's Electric Charge.
     0 | D:1      | Reached XP level 1. HP: 13/13 MP: 3/3
   165 | D:1      | Gained mutation: You regenerate magic rapidly. [demonic
                  | ancestry]
   165 | D:1      | Reached XP level 2. HP: 16/19 MP: 1/5
   317 | D:1      | Reached skill level 5 in Air Magic
   543 | D:1      | Gained mutation: You may rarely emit foul miasma when
                  | damaged in melee. [demonic ancestry]
   543 | D:1      | Reached XP level 3. HP: 17/24 MP: 4/6
   546 | D:1      | Learned a level 2 spell: Static Discharge
   550 | D:1      | Learned a level 3 spell: Vhi's Electric Charge
   782 | D:2      | You fall into a shaft and drop 1 floor!
   840 | D:3      | Found a sacrificial altar of Ru.
   983 | D:3      | Found a shimmering altar of Xom.
  1159 | D:3      | Reached XP level 4. HP: 29/30 MP: 2/8
  1167 | D:3      | Reached skill level 1 in Conjurations
  1368 | D:3      | Reached skill level 3 in Spellcasting
  1625 | D:4      | Found Sagamisev's General Store.
  1658 | D:4      | Noticed a sky beast
  1672 | D:4      | Killed a sky beast
  1673 | D:4      | Reached XP level 5. HP: 6/36 MP: 9/9
  1843 | D:4      | Identified the +3 leather armour of Tomorrow {rC++}
  1854 | D:4      | Found a hazy altar of Hepliaklqana.
  1964 | D:4      | Identified the +3 dagger of Dust {flame, *Noise Int+6
                  | Dex+4}
  1994 | D:4      | Gained mutation: You have large cloven feet. [demonic
                  | ancestry]
  1994 | D:4      | Reached XP level 6. HP: 27/42 MP: 1/11
  2036 | D:4      | Identified the +10 spear of the Lesser Evil {vamp, Str+2}
  2103 | D:4      | Found a staircase to the Ecumenical Temple.
  2117 | Temple   | Entered the Ecumenical Temple
  2117 | Temple   | Found a transporter.
  2117 | Temple   | Found a transporter.
  2119 | Temple   | Found a transporter.
  2119 | Temple   | Found a transporter.
  2199 | Temple   | Became a worshipper of Vehumet
  2327 | D:4      | Reached skill level 1 in Fighting
  2327 | D:4      | Reached skill level 1 in Translocations
  2505 | D:5      | Entered Level 5 of the Dungeon
  2595 | D:5      | Noticed an ice beast
  2603 | D:5      | Killed an ice beast
  2604 | D:5      | Reached skill level 1 in Stealth
  2604 | D:5      | Reached skill level 4 in Spellcasting
  2604 | D:5      | Gained mutation: When hurt, damage is shared between your
                  | health and your magic reserves. [demonic ancestry]
  2604 | D:5      | Reached XP level 7. HP: 48/48 MP: 1/13
  2626 | D:5      | Found a sand-covered staircase.
  2631 | Ossuary  | Entered an ossuary
  2681 | Ossuary  | Reached * piety under Vehumet
  2681 | Ossuary  | Offered knowledge of Magic Dart by Vehumet.
  2698 | Ossuary  | Reached skill level 1 in Polearms
  3011 | D:5      | Learned a level 3 spell: Vampiric Draining
  3105 | D:5      | Gained mutation: You have hoof-like feet. [demonic
                  | ancestry]
  3105 | D:5      | Reached XP level 8. HP: 49/56 MP: 4/15
  3127 | D:5      | Reached skill level 5 in Spellcasting
  3295 | D:5      | Reached ** piety under Vehumet
  3350 | D:5      | Learned a level 2 spell: Wereblood
  3418 | D:6      | Found a shadowy altar of Dithmenos.
  3518 | D:6      | Offered knowledge of Sandblast by Vehumet.
  3780 | D:6      | Reached skill level 6 in Spellcasting
  3998 | D:7      | Reached skill level 1 in Transmutations
  4054 | D:7      | Gained mutation: You have hooves in place of feet. [demonic
                  | ancestry]
  4054 | D:7      | Reached XP level 9. HP: 28/61 MP: 2/18
  4209 | D:7      | Reached skill level 1 in Necromancy
  4670 | D:8      | Offered knowledge of Frozen Ramparts by Vehumet.
  4795 | D:8      | Found an iron altar of Okawaru.
  4811 | D:8      | Reached *** piety under Vehumet
  5057 | D:9      | Reached skill level 7 in Spellcasting
  5058 | D:9      | Found a staircase to the Lair.
  5073 | Lair:1   | Entered Level 1 of the Lair of Beasts
  5081 | Lair:1   | Noticed a cane toad
  5094 | Lair:1   | Killed a cane toad
  5119 | Lair:1   | Learned a level 5 spell: Fireball
  5121 | Lair:1   | Noticed a komodo dragon
  5133 | Lair:1   | HP: 1/62 [komodo dragon (5)]
  5146 | Lair:1   | Killed a komodo dragon
  5147 | Lair:1   | Reached XP level 10. HP: 6/68 MP: 5/21
  5514 | Lair:1   | Offered knowledge of Iskenderun's Mystic Blast by Vehumet.
  5520 | Lair:1   | Learned a level 4 spell: Iskenderun's Mystic Blast
  5630 | Lair:1   | Noticed a cane toad
  5636 | Lair:1   | Killed a cane toad
  5767 | Lair:2   | Identified a scroll of acquirement
  5768 | Lair:2   | Acquired the +2 helmet of the Elephant {rF- rCorr MP+9
                  | Int+5 Dex-5}
  5817 | Lair:2   | Reached skill level 1 in Evocations
  5987 | Lair:2   | Reached skill level 8 in Spellcasting
  6034 | Lair:2   | Reached **** piety under Vehumet
  6154 | Lair:2   | Noticed a cane toad
  6161 | Lair:2   | Killed a cane toad
  6238 | Lair:2   | Found a staircase to the Swamp.
  6357 | Swamp:1  | Entered Level 1 of the Swamp
  6357 | Swamp:1  | Noticed a seven-headed hydra
  6366 | Swamp:1  | Noticed an alligator
  6368 | Swamp:1  | Killed a seven-headed hydra
  6369 | Swamp:1  | Reached skill level 5 in Polearms
  6369 | Swamp:1  | Reached skill level 1 in Fire Magic
  6408 | Swamp:1  | HP: 3/70 [swamp worm/harpoon shot (11)]
  6409 | Swamp:1  | Noticed a spriggan rider
  6421 | Swamp:1  | HP: 2/70 [spriggan rider/+0 spear (3)]
  6422 | Swamp:1  | Killed an alligator
  6423 | Swamp:1  | Reached XP level 11. HP: 2/75 MP: 6/23
  6444 | Swamp:1  | Reached skill level 5 in Dodging
  6450 | Swamp:1  | Noticed an alligator
  6453 | Swamp:1  | Killed an alligator
  6683 | Swamp:1  | Offered knowledge of Airstrike by Vehumet.
  6729 | Swamp:1  | Noticed an alligator
  6742 | Swamp:1  | Killed an alligator
  6743 | Swamp:1  | Reached skill level 9 in Spellcasting
  6794 | Swamp:1  | Noticed a seven-headed hydra
  6798 | Swamp:1  | Killed a seven-headed hydra
  6803 | Swamp:1  | Noticed an alligator
  6808 | Swamp:1  | Noticed a spriggan druid
  6811 | Swamp:1  | Killed an alligator
  6817 | Swamp:1  | HP: 1/77 [spriggan druid/stone arrow (31)]
  6819 | Swamp:1  | Killed from afar by a spriggan druid

Illustrated notes

Levels and vault maps discovered:
D:1:      amcnicky_arrival_abandoned_market, layout_loops_corners
D:2:      layout_loops_ring, supply_closet_lemuel
D:3:      layout_loops_cross, amcnicky_altar_gilded,
          mainiacjoe_overflow_brackets, nicolae_ru_awakened_eye,
          minmay_pentangle
D:4:      layout_cave_pods, mainiacjoe_overflow_small_starburst,
          lemuel_tele_altar, minmay_temple_entry_offerings, serial_shops,
          nicolae_shop_tiny_glass
D:5:      layout_basic, enter_ossuary_2, item_on_display_a
D:6:      layout_loops_cross, nicolae_overflow_crystal_walls
D:7:      layout_basic
D:8:      layout_cave_pools, okawaru_trees_2
D:9:      layout_loops_ring, grunt_lair_entry_orc_guard_hut, water_boxes_lemuel
Temple:   hellmonk_temple_divided_pantheon
Lair:1:   layout_chaotic_city
Lair:2:   layout_cave_pods, swamp_mist, special_room [special_room_bee],
          minmay_holes, nicolae_lair_grove_arrangements
Swamp:1:  layout_basic_swamp, evilmike_swamp_ruin_house_3, swamp_pool2,
          nicolae_swamp_tree_designs

Skill      XL: |  1  2  3  4  5  6  7  8  9 10 11 |
---------------+----------------------------------+-----
Air Magic      | 5 6 7 |  7.1
Conjurations   | 1 2 4 |  4.5
Armour         | 2 3 4 |  4.6
Spellcasting   | 3 4 6 7 8 9 |  9.3
Fighting       | 1 2 3 4 |  4.1
Translocations | 1 2 3 4 |  4.3
Stealth        | 1 |  1.6
Polearms       | 2 3 4 5 |  5.1
Dodging        | 2 3 4 5 |  5.3
Transmutations | 1 3 |  3.2
Necromancy     | 2 3 4 |  4.4
Evocations     | 1 |  1.5
Fire Magic     | 1 |  1.5
Maces & Flails | |  0.2
Staves         | |  0.1
Throwing       | |  0.9

Action                     |  1- 3 |  4- 6 |  7- 9 | 10-12 || total
---------------------------+-------+-------+-------+-------++-------
  Melee: Club              |    15 |       |       |       ||    15
         Staff             |    18 |    26 |       |       ||    44
         Dagger            |       |     7 |       |       ||     7
         Spear             |       |    21 |   258 |   120 ||   399
         Kick              |       |     3 |    64 |    28 ||    95
         Punch             |       |       |     3 |     1 ||     4
  Throw: Javelin           |       |       |     3 |     3 ||     6
   Cast: Shock             |    47 |    21 |       |     2 ||    70
         Static Discharge  |    16 |    22 |    38 |     5 ||    81
         Vhi's Electric Ch |     5 |    14 |    44 |    12 ||    75
         Vampiric Draining |       |       |     7 |    27 ||    34
         Wereblood         |       |       |    14 |     3 ||    17
         Fireball          |       |       |     1 |    26 ||    27
         Iskenderun's Myst |       |       |       |    17 ||    17
  Evoke: Wand              |       |       |     5 |     7 ||    12
    Use: Scroll            |     6 |     2 |    11 |    10 ||    29
         Potion            |       |     4 |     8 |     7 ||    19
 Armour: Ring mail         |    27 |    14 |       |       ||    41
         Skin              |       |     3 |       |       ||     3
         Leather armour    |       |    21 |   103 |   135 ||   259
  Dodge: Dodged            |    34 |    32 |   172 |   169 ||   407
